Map: Ulrena

Players

PiG - Winner!

  • Race: Zerg Zerg
  • League: Grandmaster

RunaMoK (Losira)

  • Race: Terran Terran
  • League: Grandmaster

Event: The PiG Daily 33

VOD

https://www.youtube.com/watch?v=JSg4-RFrGgM

Description

Time

  • Played on: July 4, 2016, 4:14 a.m.
  • Length: 11:02

All games in this series

Show
View Real Time Build Order
Export as new Build Order

PiG Zerg - Winner!

Build Orders: Pool First 

Get SALT Encoding   

  12  0:02  Drone  
  13  0:14  Overlord  
  13  0:20  Drone  
  14  0:32  Drone x2  
  16  0:42  Drone  
  17  0:45  Spawning Pool  
  16  0:51  Drone  
  17  1:11  Hatchery  
  16  1:15  Drone  
  16  1:17  Drone  
  18  1:20  Extractor  
  17  1:28  Drone  
  18  1:33  Queen  
  18  1:36  Zergling x2  
  21  1:43  Overlord  
  21  1:51  Drone  
  22  2:09  Queen  
  22  2:10  Drone  
  25  2:20  Drone  
  26  2:24  Metabolic Boost  
  26  2:26  Drone  
  26  2:29  Drone, Queen  
  29  2:38  Drone x2  
  29  2:41  Drone x2  
  33  2:45  Drone  
  33  2:49  Overlord  
  34  2:55  Drone x2  
  35  3:01  Drone  
  36  3:10  Drone x2  
  38  3:16  Overlord  
  38  3:17  Drone x2  
  40  3:21  Drone x4  
  40  3:26  Overlord  
  44  3:29  Evolution Chamber  
  43  3:37  Roach Warren  
  43  3:39  Drone x2  
  44  3:44  Queen  
  46  3:53  Extractor  
  46  3:55  Extractor  
  44  3:58  Drone x2  
  44  3:59  Drone x2  
  44  4:00  Drone x2  
  44  4:02  Zerg Ground Armor Level 1  
  50  4:07  Overlord x2  
  50  4:09  Overlord  
  50  4:20  Roach  
  52  4:26  Roach x6  
  64  4:36  Hatchery  
  64  4:37  Drone  
  64  4:42  Lair  
  64  4:46  Drone x2  
  66  4:53  Overlord x2  
  66  4:56  Extractor  
  66  4:57  Drone x3  
  68  5:00  Drone  
  69  5:09  Overlord  
  69  5:10  Overlord  
  69  5:14  Drone x2  
  69  5:16  Drone  
  72  5:23  Roach x4  
  80  5:36  Drone x5  
  85  5:47  Glial Reconstitution  
  85  5:48  Drone  
  85  5:49  Overlord  
  86  5:50  Overlord  
  86  5:53  Roach  
  88  5:57  Extractor  
  88  5:58  Zerg Ground Armor Level 2  
  88  5:59  Infestation Pit  
  88  6:00  Drone  
  88  6:03  Drone x3  
  90  6:05  Extractor  
  90  6:08  Drone x3  
  92  6:18  Drone  
  93  6:19  Spore Crawler  
  93  6:23  Drone x2  
  93  6:24  Spore Crawler  
  93  6:25  Drone x3  
  96  6:26  Drone x2  
  96  6:27  Drone x2, Spore Crawler  
  96  6:32  Roach  
  101  6:39  Hive, Pathogen Glands  
  101  6:45  Overlord x2  
  101  6:46  Overlord  
  101  7:00  Roach  
  101  7:01  Roach x4, Zergling x6  
  113  7:05  Roach x3  
  108  7:22  Zergling x10  
  109  7:27  Hatchery  
  104  7:32  Infestor x2  
  108  7:41  Queen  
  108  7:43  Drone x2  
  112  7:47  Drone x5, Queen  
  119  7:59  Infestor x2  
  119  8:00  Infestor  
  119  8:05  Zergling x4  
  126  8:07  Ultralisk Cavern, Ravager x3  
  126  8:08  Roach  
  130  8:13  Overlord  
  130  8:14  Zerg Melee Weapons Level 1  
  130  8:16  Overlord x2  
  130  8:26  Zergling x12  
  130  8:27  Zergling x8  
  140  8:29  Ravager x3  
  140  8:30  Ravager  
  143  8:48  Extractor  
  143  8:52  Extractor  
  143  8:53  Drone x3  
  143  8:54  Drone x3  
  143  8:55  Chitinous Plating  
  147  8:56  Overlord x2  
  147  8:57  Ultralisk  
  153  9:03  Ultralisk  
  159  9:16  Ultralisk  
  165  9:22  Drone x2  
  165  9:23  Overlord  
  173  9:24  Ultralisk  
  173  9:37  Ultralisk  
  179  9:41  Ultralisk  
  184  9:54  Ultralisk  
  184  9:56  Zergling x8  
  184  9:57  Zergling x10  
  196  10:35  Zergling x4  
Show
View Real Time Build Order
Export as new Build Order

RunaMoK Terran 

Build Orders: Losira's Dragon-Turtle, Reaper Expand, Bio Tank 

Get SALT Encoding   

  12  0:00  SCV  
  13  0:13  SCV  
  14  0:17  Supply Depot  
  14  0:26  SCV  
  15  0:39  SCV  
  15  0:40  Barracks  
  16  0:45  Refinery  
  16  0:51  SCV  
  17  1:03  SCV  
  18  1:15  SCV  
  19  1:28  Reaper, Orbital Command  
  20  1:43  Command Center  
  20  1:51  Supply Depot  
  20  1:54  SCV  
  21  2:04  Barracks Reactor  
  21  2:06  SCV  
  22  2:12  Barracks  
  22  2:18  Refinery  
  22  2:20  SCV  
  23  2:30  Factory  
  23  2:32  SCV  
  24  2:43  Marine x2  
  25  2:44  SCV  
  26  2:51  Supply Depot  
  26  2:57  SCV  
  27  3:00  Barracks Tech Lab  
  27  3:02  Marine x2  
  29  3:09  SCV  
  29  3:10  Bunker  
  30  3:18  Marine  
  31  3:20  Marine x2  
  31  3:25  Orbital Command  
  33  3:32  Stimpack  
  33  3:34  SCV  
  34  3:45  Marine  
  34  3:46  Marine x2, SCV  
  38  3:55  SCV  
  38  3:57  Starport  
  38  4:01  Factory Reactor  
  38  4:03  Marine  
  38  4:06  Marine x2  
  38  4:07  SCV x2  
  43  4:18  Supply Depot  
  43  4:19  SCV x2  
  43  4:22  Marine  
  43  4:23  Marine  
  43  4:24  Marine  
  48  4:31  SCV x2  
  50  4:43  SCV x2  
  50  4:45  Supply Depot  
  52  4:46  Medivac x2  
  52  4:47  Factory Tech Lab  
  52  4:48  Marine x3  
  59  4:55  SCV  
  59  4:56  SCV  
  59  4:58  Supply Depot  
  61  5:04  Bunker  
  61  5:08  Marine x2  
  61  5:09  Marauder  
  61  5:10  SCV  
  61  5:11  SCV  
  67  5:14  Siege Tank  
  70  5:23  SCV x2  
  70  5:26  Supply Depot, Marine  
  73  5:33  Combat Shields  
  71  5:39  SCV x2  
  71  5:40  Engineering Bay x2  
  73  5:44  Supply Depot  
  73  5:51  Siege Tank, SCV x2  
  73  5:53  Marine x2, Marauder  
  82  5:58  Medivac x2  
  86  6:06  SCV  
  86  6:07  SCV  
  86  6:11  Marine x2  
  89  6:18  Terran Infantry Weapons Level 1  
  90  6:19  SCV x2  
  90  6:25  Refinery  
  92  6:26  Refinery  
  92  6:28  Command Center  
  89  6:34  Marine x2  
  91  6:42  SCV x2  
  91  6:44  Terran Infantry Armor Level 1  
  93  6:48  Supply Depot  
  93  6:50  Barracks  
  93  6:54  Marine, Barracks  
  93  6:56  Barracks  
  94  7:06  SCV x2  
  94  7:09  Marine  
  94  7:10  Marine  
  94  7:11  Marine, Siege Tank  
  94  7:12  Medivac  
  101  7:16  Medivac  
  102  7:24  Supply Depot, SCV x2  
  102  7:27  Marine  
  92  7:34  Marine x2  
  92  7:36  SCV x2  
  91  7:37  Barracks Reactor  
  91  7:38  Concussive Shells  
  91  7:42  Medivac  
  91  7:43  Siege Tank  
  95  7:45  Marine, Orbital Command  
  95  7:47  Refinery  
  95  7:48  SCV x2  
  98  7:52  Marine  
  98  7:54  Barracks Tech Lab, Barracks Reactor  
  99  8:00  SCV x2  
  99  8:04  Armory  
  100  8:12  Marine x2  
  103  8:13  Marauder  
  103  8:16  Siege Tank  
  108  8:20  SCV x2  
  108  8:21  SCV  
  108  8:26  Marine  
  108  8:27  Marine  
  108  8:29  Marauder  
  108  8:30  Marine x2  
  108  8:33  Marine  
  114  8:34  Marine x2  
  116  8:44  Marine x2  
  116  8:46  Medivac x2  
  116  8:48  Marine x2  
  114  8:50  Marine  
  114  8:51  Siege Tank  
  114  8:55  Refinery  
  118  8:56  Marine x3  
  118  8:58  Supply Depot  
  118  8:59  Supply Depot  
  118  9:00  Engineering Bay  
  121  9:10  Barracks  
  121  9:11  Barracks  
  121  9:13  Barracks  
  121  9:15  Marine x2  
  121  9:16  Marauder  
  125  9:19  Marine x3  
  128  9:34  Marine x2  
  128  9:35  Marine, Siege Tank, Marauder  
  128  9:37  Medivac  
  138  9:39  Supply Depot  
  138  9:42  Supply Depot  
  138  9:43  Supply Depot  
  138  9:45  Supply Depot, Medivac  
  138  9:48  Marine  
  141  9:55  Supply Depot  
  141  10:00  Marine x5  
  141  10:01  Marauder  
  141  10:03  Marauder  
  150  10:07  Siege Tank  
  142  10:20  Marine x6  
  144  10:30  Barracks Tech Lab x2  
  144  10:33  Barracks Tech Lab  
  120  10:43  Marine  
  120  10:44  Marine x3  
Tags
 
Add a new tag
Caveats
  • Supply blocks, unpowered buildings, or Contaminate may cause inaccurate times.
  • Supply counts are checked every 10 seconds.